AoeStats
← AncientLyre

Lombardia

509977223Analyzed
3v3 RM · 5d ago on Sep 28, 2026· 41m 55s· 6 players
Game mode
Random Map
Map size
Normal (6 player)
Population
200
Speed
Normal
Resources
Standard
Victory
Conquest
Starting age
Dark Age
Ending age
Imperial Age
RankedLock teamsTeams togetherTeam positionsShared explorationLock speedFull tech treeHidden civsTurbo modeCheats
Victory
Defeat
🇪🇪 Lithuanians · Estonia
1204
+15
🇬🇧 Danes · United Kingdom
1165
+16
🇲🇽 Huns · Mexico
1136
+17
🇦🇷 Khmer · Argentina
1208
-17
🇨🇱 Mongols · Chile
1186
-17
🇦🇷 Vikings · Argentina
1116
-14
DanEz
5:08 Loom
9:43 Feudal Age
14:02 Castle Age
13:08 Horse Collar
13:25 Double-Bit Axe
15:01 Bow Saw
20:59 Town Watch
21:57 Wheelbarrow
21:34 Heavy Plow
21:54 Bow Saw
22:59 Stone Mining
23:02 Gold Mining
25:27 Stone Shaft Mining
25:15 Hand Cart
27:54 Coinage
29:58 Imperial Age
31:03 Gold Shaft Mining
33:40 Crop Rotation
34:26 Caravan
34:48 Fortified Wall
35:47 Conscription
37:24 Town Patrol
39:53 Scale Barding Armor
39:58 Forging
41:47 Bloodlines
41:37 Husbandry
Pegui
7:06 Loom
9:23 Feudal Age
10:22 Double-Bit Axe
13:37 Horse Collar
18:52 Castle Age
19:06 Forging
19:49 Light Cavalry
22:38 Heavy Plow
28:37 Scale Barding Armor
28:54 Bow Saw
28:37 Gold Mining
28:38 Stone Mining
28:44 Stone Mining
29:55 Gold Shaft Mining
29:49 Bloodlines
30:28 Husbandry
31:38 Chain Barding Armor
31:54 Iron Casting
32:30 Stone Shaft Mining
37:32 Imperial Age
36:56 Wheelbarrow
36:07 Town Watch
37:41 Elite Mangudai
38:42 Fletching
39:34 Padded Archer Armor
39:29 Bodkin Arrow
40:41 Parthian Tactics
40:22 Thumb Ring
40:37 Leather Archer Armor
41:25 Chemistry
40:45 Ballistics
daniel.lencina.05
9:11 Loom
11:22 Feudal Age
11:58 Horse Collar
12:04 Double-Bit Axe
19:13 Castle Age
17:33 Stone Mining
22:00 Gold Mining
22:24 Bow Saw
22:15 Heavy Plow
30:42 Imperial Age
28:15 Town Watch
30:41 Gold Shaft Mining
32:18 Chieftains
32:53 Forging
34:23 Iron Casting
33:50 Scale Mail Armor
34:14 Elite Skirmisher
34:38 Elite Berserk
34:48 Crossbowman
36:50 Blast Furnace
36:07 Chain Mail Armor
36:15 Arbalester
37:04 Fletching
37:14 Padded Archer Armor
37:36 Ballistics
38:18 Chemistry
39:32 Bodkin Arrow
39:53 Leather Archer Armor
AncientLyre
6:58 Loom
9:46 Feudal Age
14:52 Castle Age
13:17 Double-Bit Axe
13:13 Horse Collar
15:47 Bow Saw
16:16 Gold Mining
18:43 Heavy Plow
22:44 Stone Mining
23:37 Gold Shaft Mining
23:40 Wheelbarrow
26:00 Stone Shaft Mining
27:54 Forging
27:45 Scale Mail Armor
30:21 Imperial Age
29:47 Iron Casting
29:25 Squires
29:10 Gambesons
29:11 Arson
30:59 Chain Mail Armor
33:31 Conscription
33:48 Elite Varangian Guard
35:52 Blast Furnace
35:23 Plate Mail Armor
37:42 Elite Jomsviking
Senex
7:39 Loom
10:53 Feudal Age
13:44 Bloodlines
19:19 Castle Age
18:31 Double-Bit Axe
18:28 Horse Collar
19:44 Forging
21:20 Scale Barding Armor
29:20 Iron Casting
31:16 Husbandry
32:27 Chain Barding Armor
36:18 Imperial Age
34:25 Wheelbarrow
36:33 Cavalier
37:56 Plate Barding Armor
37:49 Gold Mining
38:41 Paladin
Cid Hitokiri
11:32 Feudal Age
15:22 Castle Age
13:59 Double-Bit Axe
17:21 Forging
18:12 Loom
21:24 Iron Casting
21:41 Scale Barding Armor
24:05 Bloodlines
27:44 Bow Saw
27:16 Horse Collar
29:41 Fletching
30:12 Gold Mining
31:23 Bodkin Arrow
32:08 Masonry
32:30 Murder Holes
33:05 Ballistics
36:07 Imperial Age
34:20 Chain Barding Armor
34:29 Marauders
37:12 Conscription
39:16 Chemistry
39:38 Plate Barding Armor
40:04 Husbandry
40:28 Bracer
41:34 Thumb Ring
42:11 Parthian Tactics
Connection lost

Rejoining the realm…

Still unreachable

The connection could not be restored.

Session expired

The server has moved on; the page needs a fresh start.